 Dungeon Crawl Stone Soup version 0.32-a0-996-gb3226c233f (webtiles) character file.

Game seed: 14689182584322594103

7 ytrimaz the Caller (level 1, 0/13 HPs)
             Began as a Demonspawn Summoner on Apr 24, 2024.
             Slain by a kobold
             ... wielding a +1 dagger of freezing
              (2 damage)
             ... on level 1 of the Dungeon.
             The game lasted 00:00:23 (505 turns).

ytrimaz the Caller (Demonspawn Summoner)             Turns: 505, Time: 00:00:24

Health: 0/13       AC:  2    Str:  8    XL:     1   Next: 91%
Magic:  0/3        EV: 11    Int: 15    God:
Gold:   60         SH:  0    Dex: 13    Spells: 3/4 levels left

rFire   . . .        (no weapon)
rCold   . . .        (no shield)
rNeg    . . .        a - +0 robe
rPois   .            (no helmet)
rElec   .            (no cloak)
rCorr   .            (no gloves)
SInv    .            (no boots)
Will    .....        (no amulet)
Stlth   ++           (no ring)
HPRegen 0.22/turn    (no ring)
MPRegen 0.08/turn

%: no passive effects
@: no status effects
A: no striking features
a: no special abilities


You were on level 1 of the Dungeon.
You visited 1 branch of the dungeon, and saw 1 of its levels.

You collected 60 gold pieces.


   Skills:
 + Level 2.0 Dodging
 - Level 1.7 Stealth
 + Level 2.2 Spellcasting
 + Level 4.1 Summonings


You had 3 spell levels left.
You knew the following spells:

 Your Spells              Type           Power      Damage    Failure   Level
a - Summon Small Mammal   Summ           56%        N/A       4%          1

Your spell library contained the following spells:

 Spells                   Type           Power      Damage    Failure   Level
 Call Imp                 Summ           28%        N/A       6%          2
 Call Canine Familiar     Summ           14%        N/A       12%         3
 Summon Blazeheart Golem  Fire/Summ      7%         N/A       67%         4
 Summon Lightning Spire   Summ/Air       7%         N/A       67%         4

Inventory:

Armour
 a - a +0 robe (worn)
Scrolls
 c - 3 scrolls of identify {unknown}
 d - a scroll of fog {unknown}
 e - a scroll of silence {unknown}
 f - a scroll of poison {unknown}
Potions
 b - a potion of magic

Dungeon Overview and Level Annotations

Branches:
Dungeon (1/15) Zot: 5494

Altars:

.......##.###.#.#
..#.##.##.# #...#
..#.......###.###
#
..#...........#..
..
..####.########.#
.# ..# #...# #.#
..# ..# #...# #.#
.. .## #...#
###r##.#..# #.#
#...# #..b@K....#
..# #...#
#.#######...
#####...#####.#
..............#
#.
..............# .
..............#
.#
#####...#####.#
..# #...#
#.#######..#
#...# #.........#


You could see a kobold (ally target), a friendly quokka (summoned) and a
friendly bat (summoned).


Message History

A rat comes into view.
The frilled lizard hisses angrily.
Your bat hits the hobgoblin.
Your bat closely misses the hobgoblin. 😎 MP[-1]
You lost 1 mp, and now have 2/3 mp.
You barely miss the hobgoblin.
Your bat hits the hobgoblin but does no damage.
Your bat closely misses the hobgoblin.
The hobgoblin barely misses you.
Unknown command.
You hit the hobgoblin.
Your bat hits the hobgoblin but does no damage.
The hobgoblin misses you.
Unknown command.
You hit the hobgoblin but do no damage.
Your bat closely misses the hobgoblin.
The hobgoblin closely misses you.
Your bat hits the hobgoblin but does no damage.
The hobgoblin hits you but does no damage.
You closely miss the hobgoblin.
Your quokka barely misses the hobgoblin.
The hobgoblin barely misses you. The rat bites you but does no damage.
Your quokka bites the hobgoblin.
The hobgoblin dies!
Your Dodging skill increases to level 2!
Unknown command.
You closely miss the frilled lizard. Your punch misses the frilled lizard.
Your bat hits the rat but does no damage.
Your quokka closely misses the frilled lizard.
The frilled lizard barely misses you. The rat closely misses you.
You barely miss the frilled lizard. Your bat hits the rat.
Your quokka misses the frilled lizard. The frilled lizard closely misses you.
The rat closely misses your bat.
Unknown command.
You closely miss the rat.
Your bat disappears in a puff of smoke!
Your quokka misses the frilled lizard. The rat bites you.
The frilled lizard bites you. 😮 HP[-4]
You take 4 damage, and now have 9/13 hp.
MASSIVE DAMAGE!! (PAUSE)
You are too injured to fight recklessly!
You are too injured to fight recklessly!
You are too injured to fight recklessly!
Unknown command.
Casting: Summon Small Mammal (safe; 4% risk of failure)
Press: ? - help, Q - select action Dir - look around, f - activate Your quokka barely misses the frilled lizard.
The rat barely misses you. The frilled lizard misses you. 😮 MP[-1]
You lost 1 mp, and now have 1/3 mp.
Unknown command.
You closely miss the frilled lizard.
Your quokka bites the frilled lizard.
The frilled lizard dies!
Your bat hits the rat.
The rat dies!
You are too injured to fight recklessly!
You see here a frilled lizard corpse.
Unknown command.
You are too injured to fight recklessly!
Unknown command.
Your quokka disappears in a puff of smoke!
You now have 60 gold pieces (gained 13).
e - a scroll labelled JODARAASMU 😎 HP[+4] MP[+2]
Your hp is fully restored (13).
Your mp is fully restored (3).
Found a faded altar of an unknown god.
There is a faded altar of an unknown god here.
Found a stone staircase leading down.
Your bat disappears in a puff of smoke!
Key pressed, stopping explore.
f - a scroll labelled IFOEGU ODGHORO A kobold comes into view.
It is wielding a +1 dagger of freezing.
A kobold is nearby!
A kobold is nearby!
A kobold is nearby! 😎 MP[-1]
You lost 1 mp, and now have 2/3 mp.
Your bat barely misses the kobold.
Your bat closely misses the kobold. x2
The kobold misses your bat. 😎 MP[-1]
You lost 1 mp, and now have 1/3 mp.
Unknown command.
You swap places.
The kobold closely misses you.
Your bat disappears in a puff of smoke!
The kobold hits you with a +1 dagger of freezing.
The kobold freezes you. 😕 HP[-3] MP[-1]
You take 3 damage, and now have 10/13 hp.
MASSIVE DAMAGE!! (PAUSE)
You lost 1 mp, and now have 0/3 mp.
You hit the kobold but do no damage.
The kobold hits you with a +1 dagger of freezing.
The kobold freezes you. 😮 HP[-3]
You take 3 damage, and now have 7/13 hp.
MASSIVE DAMAGE!! (PAUSE)
You hit the kobold but do no damage.
The kobold hits you with a +1 dagger of freezing.
* * * LOW HITPOINT WARNING * * *
The kobold freezes you.
You die...

Skill      XL: |  1 |
---------------+----+-----
Dodging        | 2 |  2.0
Stealth        | |  1.7
Spellcasting   | |  2.2
Summonings     | |  4.1

Action                     || total
---------------------------++-------
  Melee: Unarmed           ||    32
   Cast: Summon Small Mamm ||    13
   Stab: Sleeping          ||     1
 Armour: Robe              ||    24
  Dodge: Dodged            ||    28

Levels and vault maps discovered:
D:1:      matt_arrival_grand_opening, layout_loops_cross, basic_ecumenical_altar

Notes
Turn   | Place    | Note
-------+----------+-------------------------------------------
     0 | D:1      | ytrimaz the Demonspawn Summoner began the quest for the
                  | Orb.
     0 | D:1      | Reached XP level 1. HP: 13/13 MP: 3/3
     0 | D:1      | magus.rc [v1.9.6]
   353 | D:1      | Reached skill level 2 in Dodging
   382 | D:1      | Found a faded altar of an unknown god.
   505 | D:1      | HP: 2/13 [kobold/+1 dagger of freezing (5)]
   505 | D:1      | Slain by a kobold

Vanquished Creatures
  A giant cockroach (D:1)
  A hobgoblin (D:1)
2 creatures vanquished.

Vanquished Creatures (collateral kills)
  2 hobgoblins (D:1)
  A bat (D:1)
  A frilled lizard (D:1)
  A rat (D:1)
5 creatures vanquished.

Grand Total: 7 creatures vanquished

Table legend:
 A = Non-vault XP
 B = Vault XP
 C = Vault XP percentage of total XP
 D = Non-vault monster count
 E = Vault monster count
 F = Vault count percentage of total count
                 A         B        C        D         E       F
            +---------+---------+-------+---------+---------+-------
      Total |      11 |       0 |   0.0 |       7 |       0 |   0.0
            +---------+---------+-------+---------+---------+-------
        D:1 |      11 |       0 |   0.0 |       7 |       0 |   0.0
            +---------+---------+-------+---------+---------+-------

Skill      XL: |  1 |
---------------+----+-----
Dodging        | 2 |  2.0
Stealth        | |  1.7
Spellcasting   | |  2.2
Summonings     | |  4.1

Action                     || total
---------------------------++-------
  Melee: Unarmed           ||    32
   Cast: Summon Small Mamm ||    13
   Stab: Sleeping          ||     1
 Armour: Robe              ||    24
  Dodge: Dodged            ||    28

Illustrated notes

Table legend:
 A = Kills in this place as a percentage of kills in the entire game.
 B = Kills by you in this place as a percentage of kills by you in the entire game.
 C = Kills by friends in this place as a percentage of kills by friends in the entire game.
 D = Other kills in this place as a percentage of other kills in the entire game.
 E = Experience gained in this place as a percentage of experience gained in the entire game.
 F = Experience gained in this place divided by the number of levels of this place that you have seen.
                   A       B       C       D       E      F
               +-------+-------+-------+-------+-------+----------------------
         Total | 100.0 | 100.0 | 100.0 |   N/A | 100.0 |  11.0
       Dungeon | 100.0 | 100.0 | 100.0 |   N/A | 100.0 |  11.0
               +-------+-------+-------+-------+-------+----------------------

Table legend: (Time is in decaauts)
 A = Elapsed time spent in this place.
 B = Non-inter-level travel time spent in this place.
 C = Inter-level travel time spent in this place.
 D = Time resting spent in this place.
 E = Time spent auto-exploring this place.
 F = Levels seen in this place.
 G = Mean time per level.
                   A        B        C        D        E       F      G
               +--------+--------+--------+--------+--------+-----+--------+
         Total |    505 |    505 |      0 |      0 |    405 |   1 |  505.0 |
       Dungeon |    505 |    505 |      0 |      0 |    405 |   1 |  505.0 |
               +--------+--------+--------+--------+--------+-----+--------+

Top non-repeatable levels by time:
     D:1: 505 daAuts
